 Dungeon Crawl Stone Soup version 0.29.0-15-g675c0067aa (webtiles) character file.

Game seed: 15141053877268445904

3501 qw the Cleaver (level 9, -2/81 HPs)
             Began as a Minotaur Berserker on Sept 12, 2022.
             Was a Priest of Trog.
             Slain by a warg (6 damage)
             ... on level 9 of the Dungeon.
             The game lasted 00:02:35 (8939 turns).

qw the Cleaver (Minotaur Berserker)                 Turns: 8939, Time: 00:02:36

Health: -2/81      AC: 15    Str: 27    XL:     9   Next: 80%
Magic:  8/8        EV:  9    Int:  4    God:    Trog [***...]
Gold:   95         SH:  0    Dex: 15    Spells: 8/8 levels left

rFire   . . .      SeeInvis .   Y - +0 war axe
rCold   . . .      Faith    .   (no shield)
rNeg    . . .      Spirit   .   g - +0 plate armour
rPois   +          Reflect  .   (helmet restricted)
rElec   .          Harm     .   b - scarf {repulsion}
rCorr   .          Rampage  .   p - +0 pair of gloves
Will    .....                   c - +0 pair of boots
Stlth   ..........              j - amulet of the acrobat
HPRegen 0.23/turn               d - +6 ring of dexterity
MPRegen 0.11/turn               u - ring of poison resistance

@: about to teleport, on berserk cooldown, slowed, repel missiles, very slow
A: horns 2, retaliatory headbutt
a: Renounce Religion, Berserk, Trog's Hand


You were on level 9 of the Dungeon.
You worshipped Trog.
Trog was most pleased with you.
You visited 1 branch of the dungeon, and saw 9 of its levels.

You collected 394 gold pieces.
You spent 299 gold pieces at shops.


Innate Abilities, Weirdness & Mutations

You have a pair of horns on your head.
You reflexively headbutt those who attack you in melee.


   Skills:
 - Level 8.0 Fighting
 + Level 13.1 Axes
 - Level 3.1 Throwing
 - Level 7.0 Armour
 - Level 3.5 Dodging


You had 8 spell levels left.
You didn't know any spells.
Your spell library was empty.

Inventory:

Hand Weapons
 t - a +0 flail
 Y - a +0 war axe (weapon)
Armour
 b - a scarf of repulsion (worn)
 c - a +0 pair of boots (worn)
 g - a +0 plate armour (worn)
 p - a +0 pair of gloves (worn)
Jewellery
 d - a +6 ring of dexterity (left hand)
 j - an amulet of the acrobat (around neck)
 u - a ring of poison resistance (right hand)
Scrolls
 k - 4 scrolls of teleportation
 q - a scroll of identify
Potions
 a - 2 potions of heal wounds
 e - a potion of might
 f - a potion of cancellation
 i - a potion of curing
 l - a potion of lignification {unknown}
 m - a potion of mutation {unknown}
 n - a potion of resistance {unknown}
 o - a potion of haste {unknown}

Dungeon Overview and Level Annotations

Branches:
Dungeon (9/15)             Temple (0/1) D:6            Lair (0/5) D:9
    Orc: D:9-12

Altars:
Elyvilon
Hepliaklqana
Kikubaaqudgha
Uskayaw
Wu Jian
Zin

Shops:
D:2 [   D:3 =   D:7 :*


Message History

The warg closely misses you. The warg bites you. x2
A yak comes into view.
The orc hits the plant with a +0 club.
The plant begins to die.
The warg bites you! The warg barely misses you.
The warg bites you but does no damage.
The orc hits the plant with a +0 club.
You slash the warg!
The warg is almost dead.
You hit the warg. You hit the warg but do no damage.
The warg barely misses you. The warg bites you.
The warg bites you but does no damage.
The orc hits the plant with a +0 club.
A yak comes into view.
The warg bites you. The warg barely misses you.
The yak bellows!
You hit the warg but do no damage.
The warg is almost dead.
You slash the warg!
You hit the steam dragon but do no damage.
You hit the warg. The warg bites you. The warg bites you but does no damage.
The warg bites you. The warg bites you but does no damage.
The steam dragon bites you but does no damage.
The steam dragon claws you but does no damage.
You hit the warg but do no damage. You headbutt the warg.
You kill the warg!
Trog accepts your kill.
You barely miss the warg. You slash the steam dragon! You slash the warg!
A nearby plant withers and dies.
The warg bites you! The warg barely misses you.
The steam dragon bites you but does no damage.
The steam dragon claws you but does no damage.
The warg bites you. x2
The steam dragon breathes steam at you. The ball of steam hits you.
The orc hits you but does no damage.
Your Armour skill increases to level 7!
8939 ||| READING 5 scrolls of teleportation.
As you read the scroll of teleportation, it crumbles to dust.
You feel strangely unstable.
You are engulfed in a cloud of scalding steam.
The warg is engulfed in a cloud of scalding steam.
The warg bites you. x2
You die...

#...########
#####...........
................
.......<..#
#########..#
.........).####
................
#..###.¤¤###.###
#.D@¤¤# .#
#..ohho.# #
#.P.YYY.#
...........
...........Y#..
##.....>.......
...............
.........P.....


You could see 4 yaks, 2 wargs, a steam dragon (catching breath) and 2 orcs.

Vanquished Creatures
  Sigmund (D:5)
  A wyvern (D:8)
  3 yaks (D:8)
  2 steam dragons (D:4)
  Eustachio (D:6)
  2 vampire mosquitoes (D:7)
  A warg (D:9)
  A water moccasin (D:6)
  2 orc warriors (D:8)
  An ice beast (D:7)
  Duvessa (D:5)
  2 centaurs (D:7)
  A phantom (D:5)
  A kobold brigand (D:7)
  A bullfrog (D:6)
  2 scorpions
  Dowan (D:5)
  3 howler monkeys
  2 hounds (D:5)
  3 jellies
  A gnoll bouda (D:7)
  5 orc priests
  4 iguanas
  8 orc wizards
  3 gnolls (D:7)
  7 adders
  2 white imps
  An ufetubus (D:6)
  4 worms
  3 dart slugs
  24 orcs
  5 ball pythons
  7 endoplasms
  4 giant cockroaches
  12 goblins
  4 hobgoblins
  2 jackals (D:2)
  11 kobolds
  9 quokkas
  A bat (D:1)
  2 frilled lizards
  6 rats
157 creatures vanquished.

Vanquished Creatures (others)
  A plant (D:9)
1 creature vanquished.

Grand Total: 158 creatures vanquished

Notes
Turn   | Place    | Note
-------+----------+-------------------------------------------
     0 | D:1      | qw the Minotaur Berserker began the quest for the Orb.
     0 | D:1      | Reached XP level 1. HP: 19/19 MP: 0/0
     0 | D:1      | 0 ||| qw: Version: 0.1-a-119-g272c26d
     0 | D:1      | 0 ||| qw: Game counter: 10961
     0 | D:1      | 0 ||| qw: Always use a shield: true
     0 | D:1      | 0 ||| qw: Do Orc after D:15 true
     0 | D:1      | 0 ||| qw: Do second Lair branch before Depths: true
     0 | D:1      | 0 ||| qw: Lair rune preference: random
     0 | D:1      | 0 ||| qw: Plans: Normal
     0 | D:1      | 0 ||| PLANNING D:1-11
    18 | D:1      | 18 ||| Stepping ~*~*~tactically~*~*~ (stealth).
    19 | D:1      | 19 ||| Stepping ~*~*~tactically~*~*~ (stealth).
    71 | D:1      | Reached skill level 4 in Axes
   155 | D:1      | Reached XP level 2. HP: 26/26 MP: 1/1
   208 | D:1      | 208 ||| Stepping ~*~*~tactically~*~*~ (stealth).
   510 | D:1      | 510 ||| Stepping ~*~*~tactically~*~*~ (stealth).
   511 | D:1      | 511 ||| Stepping ~*~*~tactically~*~*~ (stealth).
   556 | D:1      | Reached skill level 5 in Axes
   583 | D:1      | Found a hide-covered altar of Uskayaw.
   636 | D:1      | 636 ||| UPGRADING to +0 pair of boots.
   641 | D:1      | 641 ||| UPGRADING to +0 scale mail.
   651 | D:1      | 651 ||| DROPPING +0 animal skin.
   652 | D:1      | 652 ||| READING scroll labelled TULAIHUIRGH.
   653 | D:1      | 653 ||| READING scroll labelled FUOTAH KA USHRU.
   654 | D:1      | 654 ||| READING scroll labelled AHOSCH HIMUFOYBEJ.
   723 | D:2      | Reached XP level 3. HP: 31/31 MP: 2/2
   728 | D:2      | Reached ** piety under Trog
   745 | D:2      | 745 ||| INVOKING Berserk.
   797 | D:2      | 797 ||| FLEEEEING.
   807 | D:2      | 807 ||| INVOKING Berserk.
   978 | D:2      | Found Ciprie's Antique Armour Boutique.
   988 | D:2      | 988 ||| SHOPLISTING glowing leather armour (105 gold, have
                  | 75).
   988 | D:2      | 988 ||| SHOPLISTING glowing ring mail (147 gold, have 75).
   988 | D:2      | 988 ||| SHOPLISTING pair of faintly glowing boots (199
                  | gold, have 75).
   988 | D:2      | 988 ||| SHOPLISTING shiny chain mail (157 gold, have 75).
  1028 | D:2      | 1028 ||| Stepping ~*~*~tactically~*~*~ (stealth).
  1090 | D:2      | 1090 ||| Stepping ~*~*~tactically~*~*~ (stealth).
  1111 | D:2      | 1111 ||| Stepping ~*~*~tactically~*~*~ (hiding).
  1113 | D:2      | 1113 ||| Stepping ~*~*~tactically~*~*~ (hiding).
  1114 | D:2      | 1114 ||| Stepping ~*~*~tactically~*~*~ (hiding).
  1414 | D:2      | 1414 ||| DROPPING amulet of faith.
  1415 | D:2      | 1415 ||| UPGRADING to +6 ring of dexterity.
  1416 | D:2      | 1416 ||| READING scroll labelled IWIXZA CAXABRYE.
  1453 | D:3      | 1453 ||| Stepping ~*~*~tactically~*~*~ (stealth).
  1456 | D:3      | 1456 ||| Stepping ~*~*~tactically~*~*~ (stealth).
  1458 | D:3      | 1458 ||| Stepping ~*~*~tactically~*~*~ (stealth).
  1465 | D:3      | Reached skill level 6 in Axes
  1465 | D:3      | Reached XP level 4. HP: 30/39 MP: 3/3
  1468 | D:3      | 1468 ||| FLEEEEING.
  1469 | D:3      | 1469 ||| FLEEEEING.
  1470 | D:3      | 1470 ||| FLEEEEING.
  1471 | D:3      | 1471 ||| FLEEEEING.
  1472 | D:3      | 1472 ||| FLEEEEING.
  1473 | D:3      | 1473 ||| FLEEEEING.
  1474 | D:3      | 1474 ||| STAIRDANCE
  1585 | D:3      | 1585 ||| Stepping ~*~*~tactically~*~*~ (hiding).
  1590 | D:3      | 1590 ||| INVOKING Berserk.
  1702 | D:3      | 1702 ||| Stepping ~*~*~tactically~*~*~ (stealth).
  1705 | D:3      | 1705 ||| Stepping ~*~*~tactically~*~*~ (stealth).
  1715 | D:3      | Reached XP level 5. HP: 45/45 MP: 4/4
  1718 | D:3      | Found a faded altar of an unknown god.
  1719 | D:3      | 1719 ||| Stepping ~*~*~tactically~*~*~ (stealth).
  1734 | D:3      | 1734 ||| Stepping ~*~*~tactically~*~*~ (stealth).
  1737 | D:3      | Reached skill level 7 in Axes
  1744 | D:3      | 1744 ||| DROPPING +0 club.
  1949 | D:3      | 1949 ||| Stepping ~*~*~tactically~*~*~ (hiding).
  2211 | D:3      | Found Ecrijesa's Jewellery Shoppe.
  2218 | D:3      | 2218 ||| SHOPLISTING +4 ring of protection (432 gold, have
                  | 126).
  2218 | D:3      | 2218 ||| SHOPLISTING +6 ring of dexterity (432 gold, have
                  | 126).
  2218 | D:3      | 2218 ||| SHOPLISTING ring of ice (300 gold, have 126).
  2218 | D:3      | 2218 ||| SHOPLISTING ring of protection from cold (300
                  | gold, have 126).
  2218 | D:3      | 2218 ||| SHOPLISTING ring of protection from fire (300
                  | gold, have 126).
  2391 | D:3      | 2391 ||| UPGRADING to +0 pair of gloves.
  2396 | D:3      | 2396 ||| UPGRADING to +0 chain mail.
  2406 | D:3      | 2406 ||| DROPPING +0 scale mail.
  2407 | D:3      | 2407 ||| UPGRADING to amulet of the acrobat.
  2412 | D:3      | 2412 ||| READING scroll labelled BIJIMPI SATE.
  2413 | D:3      | 2413 ||| READING scroll labelled KADWEM DIGITRE.
  2414 | D:3      | 2414 ||| READING scroll labelled WIOSAPS ANGASE.
  2415 | D:3      | 2415 ||| READING scroll labelled QURAPL SALU.
  2416 | D:3      | 2416 ||| READING scroll labelled OBBUFE FUFI.
  2627 | D:4      | Noticed a steam dragon
  2628 | D:4      | 2628 ||| Stepping ~*~*~tactically~*~*~ (cloud).
  2631 | D:4      | 2631 ||| INVOKING Berserk.
  2634 | D:4      | Killed a steam dragon
  2635 | D:4      | Reached skill level 8 in Axes
  2635 | D:4      | Reached XP level 6. HP: 49/52 MP: 5/5
  2667 | D:4      | 2667 ||| Stepping ~*~*~tactically~*~*~ (stealth).
  2698 | D:4      | 2698 ||| Stepping ~*~*~tactically~*~*~ (stealth).
  3117 | D:4      | Noticed a steam dragon
  3120 | D:4      | 3120 ||| Stepping ~*~*~tactically~*~*~ (cloud).
  3121 | D:4      | 3121 ||| FLEEEEING.
  3122 | D:4      | 3122 ||| FLEEEEING.
  3123 | D:4      | 3123 ||| FLEEEEING.
  3124 | D:4      | 3124 ||| FLEEEEING.
  3125 | D:4      | 3125 ||| FLEEEEING.
  3126 | D:4      | 3126 ||| FLEEEEING.
  3136 | D:4      | 3136 ||| FLEEEEING.
  3137 | D:4      | 3137 ||| FLEEEEING.
  3138 | D:4      | 3138 ||| FLEEEEING.
  3139 | D:4      | 3139 ||| FLEEEEING.
  3140 | D:4      | 3140 ||| FLEEEEING.
  3141 | D:4      | 3141 ||| FLEEEEING.
  3142 | D:4      | 3142 ||| FLEEEEING.
  3143 | D:4      | 3143 ||| FLEEEEING.
  3144 | D:4      | 3144 ||| FLEEEEING.
  3148 | D:4      | 3148 ||| FLEEEEING.
  3149 | D:4      | 3149 ||| FLEEEEING.
  3150 | D:4      | 3150 ||| FLEEEEING.
  3151 | D:4      | 3151 ||| FLEEEEING.
  3152 | D:4      | 3152 ||| FLEEEEING.
  3156 | D:4      | 3156 ||| FLEEEEING.
  3157 | D:4      | 3157 ||| FLEEEEING.
  3158 | D:4      | 3158 ||| FLEEEEING.
  3159 | D:4      | 3159 ||| FLEEEEING.
  3160 | D:4      | 3160 ||| FLEEEEING.
  3161 | D:4      | 3161 ||| FLEEEEING.
  3162 | D:4      | 3162 ||| FLEEEEING.
  3163 | D:4      | 3163 ||| FLEEEEING.
  3164 | D:4      | 3164 ||| FLEEEEING.
  3166 | D:4      | 3166 ||| FLEEEEING.
  3167 | D:4      | 3167 ||| FLEEEEING.
  3168 | D:4      | 3168 ||| FLEEEEING.
  3169 | D:4      | 3169 ||| FLEEEEING.
  3170 | D:4      | 3170 ||| FLEEEEING.
  3171 | D:4      | 3171 ||| FLEEEEING.
  3172 | D:4      | 3172 ||| FLEEEEING.
  3173 | D:4      | 3173 ||| FLEEEEING.
  3174 | D:4      | 3174 ||| FLEEEEING.
  3175 | D:4      | 3175 ||| FLEEEEING.
  3176 | D:4      | 3176 ||| FLEEEEING.
  3177 | D:4      | 3177 ||| FLEEEEING.
  3178 | D:4      | 3178 ||| FLEEEEING.
  3183 | D:4      | 3183 ||| FLEEEEING.
  3184 | D:4      | 3184 ||| FLEEEEING.
  3185 | D:4      | 3185 ||| FLEEEEING.
  3186 | D:4      | 3186 ||| FLEEEEING.
  3187 | D:4      | 3187 ||| FLEEEEING.
  3193 | D:4      | 3193 ||| FLEEEEING.
  3194 | D:4      | 3194 ||| FLEEEEING.
  3195 | D:4      | 3195 ||| STAIRDANCE
  3290 | D:3      | 3290 ||| READING scroll labelled QASUUTA MUZIGH.
  3293 | D:4      | 3293 ||| INVOKING Berserk.
  3297 | D:4      | Killed a steam dragon
  3302 | D:4      | 3302 ||| STAIRDANCE
  3497 | D:4      | 3497 ||| Stepping ~*~*~tactically~*~*~ (stealth).
  3536 | D:4      | Reached skill level 1 in Throwing
  3536 | D:4      | Reached XP level 7. HP: 53/59 MP: 6/6
  3800 | D:5      | Entered Level 5 of the Dungeon
  3801 | D:5      | 3801 ||| PLANNING SEWER
  4018 | D:5      | 4018 ||| Stepping ~*~*~tactically~*~*~ (stealth).
  4020 | D:5      | 4020 ||| Stepping ~*~*~tactically~*~*~ (hiding).
  4275 | D:5      | Noticed Sigmund
  4276 | D:5      | 4276 ||| INVOKING Berserk.
  4279 | D:5      | Killed Sigmund
  4280 | D:5      | Reached skill level 9 in Axes
  4495 | D:5      | 4495 ||| RIP SEWER
  4504 | D:5      | 4504 ||| PLANNING D:1-11
  4709 | D:5      | Noticed Duvessa
  4709 | D:5      | Noticed Dowan
  4711 | D:5      | 4711 ||| INVOKING Berserk.
  4717 | D:5      | Killed Duvessa
  4718 | D:5      | Reached skill level 10 in Axes
  4718 | D:5      | Reached XP level 8. HP: 68/68 MP: 7/7
  4719 | D:5      | Killed Dowan
  5055 | D:5      | 5055 ||| UPGRADING to ring of poison resistance.
  5056 | D:5      | 5056 ||| READING scroll labelled PUIHEGIRRU.
  5057 | D:5      | 5057 ||| DRINKING 2 blue potions.
  5058 | D:5      | 5058 ||| DRINKING 2 glowing grey potions.
  5059 | D:5      | 5059 ||| DRINKING 2 fuming yellow potions.
  5060 | D:5      | 5060 ||| DROPPING potion of magic.
  5101 | D:6      | Found a staircase to the Ecumenical Temple.
  5158 | D:6      | Reached skill level 6 in Fighting
  5182 | D:6      | Noticed Eustachio
  5187 | D:6      | 5187 ||| INVOKING Berserk.
  5192 | D:6      | Killed Eustachio
  5574 | D:6      | Reached skill level 11 in Axes
  5652 | D:6      | 5652 ||| SWAPPING to +0 war axe.
  5653 | D:6      | 5653 ||| DROPPING +1 vorpal hand axe.
  5657 | D:6      | 5657 ||| DROPPING +0 whip.
  5721 | D:6      | 5721 ||| Stepping ~*~*~tactically~*~*~ (hiding).
  5725 | D:6      | Reached *** piety under Trog
  6211 | D:6      | Reached skill level 3 in Throwing
  6345 | D:6      | 6345 ||| READING 3 scrolls of identify.
  6345 | D:6      | 6345 ||| IDENTIFYING dark potion
  6346 | D:6      | 6346 ||| READING 2 scrolls of identify.
  6346 | D:6      | 6346 ||| IDENTIFYING purple potion
  6347 | D:6      | 6347 ||| DROPPING potion of berserk rage.
  6348 | D:6      | 6348 ||| DROPPING potion of invisibility.
  6441 | D:7      | 6441 ||| Stepping ~*~*~tactically~*~*~ (stealth).
  6464 | D:7      | 6464 ||| Stepping ~*~*~tactically~*~*~ (stealth).
  6500 | D:7      | 6500 ||| Stepping ~*~*~tactically~*~*~ (hiding).
  6508 | D:7      | Reached skill level 3 in Dodging
  6781 | D:7      | Found Soadwaz's Mass Market.
  6787 | D:7      | 6787 ||| BUYING +0 plate armour (299 gold).
  6787 | D:7      | Bought a +0 plate armour for 299 gold pieces
  6787 | D:7      | 6787 ||| SHOPLISTING +0 tower shield (58 gold, have 2).
  6798 | D:7      | Found a flagged portal.
  6885 | D:7      | Reached XP level 9. HP: 78/78 MP: 8/8
  6906 | D:7      | Reached skill level 12 in Axes
  7030 | D:7      | 7030 ||| Stepping ~*~*~tactically~*~*~ (hiding).
  7033 | D:7      | 7033 ||| INVOKING Berserk.
  7175 | D:7      | Found Veptyliv's Tremendous Tomes.
  7260 | D:7      | 7260 ||| Stepping ~*~*~tactically~*~*~ (hiding).
  7265 | D:7      | 7265 ||| INVOKING Berserk.
  7284 | D:7      | 7284 ||| Stepping ~*~*~tactically~*~*~ (stealth).
  7289 | D:7      | 7289 ||| Stepping ~*~*~tactically~*~*~ (stealth).
  7598 | D:7      | 7598 ||| UPGRADING to +0 plate armour.
  7608 | D:7      | 7608 ||| DROPPING +0 chain mail.
  7609 | D:7      | 7609 ||| READING scroll labelled ERUROYBIE NAFE.
  7609 | D:7      | Identified a scroll of acquirement
  7609 | D:7      | 7609 ||| ACQUIRING scarf of repulsion
  7609 | D:7      | Acquired a scarf of repulsion
  7611 | D:7      | 7611 ||| UPGRADING to scarf of repulsion.
  7616 | D:7      | 7616 ||| READING 2 scrolls of identify.
  7616 | D:7      | 7616 ||| IDENTIFYING amethyst potion
  7617 | D:7      | 7617 ||| DROPPING potion of degeneration.
  7687 | D:8      | 7687 ||| INVOKING Berserk.
  8135 | D:8      | 8135 ||| Stepping ~*~*~tactically~*~*~ (stealth).
  8139 | D:8      | 8139 ||| Stepping ~*~*~tactically~*~*~ (hiding).
  8141 | D:8      | 8141 ||| INVOKING Berserk.
  8147 | D:8      | Reached skill level 6 in Armour
  8157 | D:8      | Reached skill level 13 in Axes
  8418 | D:8      | 8418 ||| Stepping ~*~*~tactically~*~*~ (hiding).
  8432 | D:8      | Reached **** piety under Trog
  8857 | D:8      | Found a glowing silver altar of Zin.
  8862 | D:8      | Found a hazy altar of Hepliaklqana.
  8862 | D:8      | Found an ancient bone altar of Kikubaaqudgha.
  8871 | D:8      | Found an ornate altar of the Wu Jian Council.
  8874 | D:8      | Found a white marble altar of Elyvilon.
  8887 | D:8      | 8887 ||| READING scroll labelled NIXTUNKY SAAW.
  8888 | D:8      | 8888 ||| READING 3 scrolls of identify.
  8888 | D:8      | 8888 ||| IDENTIFYING metallic cyan potion
  8889 | D:8      | 8889 ||| READING 2 scrolls of identify.
  8889 | D:8      | 8889 ||| IDENTIFYING inky potion
  8922 | D:9      | 8922 ||| Stepping ~*~*~tactically~*~*~ (hiding).
  8927 | D:9      | 8927 ||| INVOKING Berserk.
  8930 | D:9      | Found a staircase to the Lair.
  8938 | D:9      | HP: 18/81 [warg (9)]
  8939 | D:9      | 8939 ||| READING 5 scrolls of teleportation.
  8939 | D:9      | HP: 4/81 [warg (5)]
  8939 | D:9      | Slain by a warg

Levels and vault maps discovered:
D:1:      sevenhm_arrival_forest_fort_small_6, layout_rooms
D:2:      layout_rooms, serial_shops, nicolae_shop_statue_plus
D:3:      layout_loops_ring, serial_shops, shop, basic_ecumenical_altar
D:4:      layout_basic, corexii_hall_statues_deadend, st_stairs_1
D:5:      layout_loops_corners, serial_rivers, chequers_serial_rivers_small_b,
          chequers_serial_rivers_micro_e, chequers_serial_rivers_micro_a,
          chequers_serial_rivers_room_b, gup_sewer_entry_bowl,
          kennysheep_doodads, uniq_sigmund, uniq_duvessa
D:6:      layout_layer_cave, minmay_temple_entry_purple_smoke, uniq_eustachio
D:7:      layout_basic, enter_bailey_3, minmay_shop_mass, minmay_hedge_maze,
          nicolae_shop_i_like_big_books
D:8:      layout_basic, minmay_overflow_temple_star_hex, grunt_ministairs_4
D:9:      layout_long_grid, erik_lair_orcish_takeover, kennysheep_flooded_box,
          hangedman_feature_mirror

Skill      XL: |  1  2  3  4  5  6  7  8  9 |
---------------+----------------------------+-----
Axes           | 4 5 6 8 10 11 13 | 13.1
Fighting       | 4 5 6 8 |  8.0
Armour         | 4 7 |  7.0
Throwing       | 1 2 3 |  3.1
Dodging        | 3 |  3.5

Action                   |  1- 3 |  4- 6 |  7- 9 || total
-------------------------+-------+-------+-------++-------
Melee: Hand axe          |    63 |    85 |    67 ||   215
       Headbutt          |     8 |    17 |    37 ||    62
       Punch             |       |     1 |     2 ||     3
       War axe           |       |       |    95 ||    95
Throw: Boomerang         |    10 |       |     8 ||    18
       Javelin           |       |       |    34 ||    34
Invok: Berserk           |     2 |     3 |     8 ||    13
  Use: Scroll            |     4 |     6 |     9 ||    19
       Potion            |       |       |     3 ||     3
Armor: Animal skin       |     4 |       |       ||     4
       Scale mail        |    14 |     6 |       ||    20
       Chain mail        |       |    17 |    42 ||    59
       Plate armour      |       |       |    25 ||    25
Dodge: Dodged            |    25 |    29 |    82 ||   136

Table legend:
 A = Non-vault XP
 B = Vault XP
 C = Vault XP percentage of total XP
 D = Non-vault monster count
 E = Vault monster count
 F = Vault count percentage of total count
                 A         B        C        D         E       F
            +---------+---------+-------+---------+---------+-------
      Total |    3370 |    1632 |  32.6 |     133 |      24 |  15.3
            +---------+---------+-------+---------+---------+-------
        D:1 |      36 |       0 |   0.0 |      20 |       0 |   0.0
        D:2 |      47 |       0 |   0.0 |      15 |       0 |   0.0
        D:3 |     155 |       0 |   0.0 |      23 |       0 |   0.0
        D:4 |     540 |       5 |   0.9 |      16 |       3 |  15.8
        D:5 |     403 |     428 |  51.5 |      14 |       7 |  33.3
        D:6 |     491 |     185 |  27.4 |      10 |       1 |   9.1
        D:7 |    1263 |       8 |   0.6 |      27 |       4 |  12.9
        D:8 |     435 |     792 |  64.5 |       8 |       7 |  46.7
        D:9 |       0 |     214 | 100.0 |       0 |       2 | 100.0
            +---------+---------+-------+---------+---------+-------
